 Dungeon Crawl Stone Soup version 0.30-a0-652-gcc886f7154 (webtiles) character file.

Game seed: 2495104300274993809

9720 ParallaxScroll the Markself (level 11, -2/60 HPs)
             Began as a Deep Elf Hexslinger on Jan 17, 2023.
             Was the Champion of Zin.
             Slain by a komodo dragon (26 damage)
             ... on level 2 of the Lair of Beasts on Jan 18, 2023.
             The game lasted 01:51:56 (14051 turns).

ParallaxScroll the Markself (Deep Elf Hexslinger)  Turns: 14051, Time: 01:51:57

Health: -2/60      AC: 13    Str: 11    XL:     11   Next: 26%
Magic:  10/19      EV: 13    Int: 25    God:    Zin [******]
Gold:   352        SH:  0    Dex: 19    Spells: 7/18 levels left

rFire   . . .      SeeInvis .    a - +1 shortbow (freeze)
rCold   . . .      Faith    .    (shield currently unavailable)
rNeg    . . .      Spirit   .    A - +1 ring mail of the Monkey's Uncle {rElec Str+4 Int+6}
rPois   +          Reflect  .    s - +0 helmet
rElec   +          Harm     .    o - +1 cloak {Will+}
rCorr   +          Rampage  .    I - +1 pair of gloves
Will    +++..                    v - +0 pair of boots
Stlth   ++                       (no amulet)
HPRegen 0.30/turn                V - ring of Azeif {rPois rCorr}
MPRegen 0.16/turn                w - ring of willpower

@: portalling projectiles
A: no striking features
a: Renounce Religion, Recite, Vitalisation, Imprison, Sanctuary, Donate Gold


You were on level 2 of the Lair of Beasts.
You worshipped Zin.
Zin was exalted by your worship.
You visited 2 branches of the dungeon, and saw 11 of its levels.
You also visited: Ossuary.

You collected 749 gold pieces.
You spent 323 gold pieces at shops.
You donated 74 gold pieces to Zin.

Inventory:

Hand Weapons
 a - a +1 shortbow of freezing (weapon)
 b - a +3 heavy sling
 k - a +3 long sword
 u - a +1 dagger of speed
 L - a +1 rapier of venom
 M - a +5 scimitar
 U - a +2 short sword of venom
Missiles
 j - 49 stones
 y - 13 poisoned darts
 E - 7 boomerangs
Armour
 c - a +0 robe
 h - a +0 pair of gloves
 l - a scarf of invisibility
 o - a +1 cloak of willpower (worn)
 s - a +0 helmet (worn)
 v - a +0 pair of boots (worn)
 A - the +1 ring mail of the Monkey's Uncle (worn) {rElec Str+4 Int+6}
   (You found it on level 4 of the Dungeon)

   Str:       It affects your strength (+4).
   Int:       It affects your intelligence (+6).
   rElec:     It insulates you from electricity.
 I - a +1 pair of gloves (worn)
 J - a +0 leather armour of fire resistance
 Q - a +2 ring mail of positive energy
 T - a +2 robe of positive energy
Jewellery
 i - a ring of protection from cold
 w - a ring of willpower (right hand)
 N - a ring of protection from cold
 V - the ring of Azeif (left hand) {rPois rCorr}
   (You found it on level 8 of the Dungeon)

   [ring of poison resistance]

   rPois:     It protects you from poison.
   rCorr:     It protects you from acid and corrosion.
Wands
 q - a wand of flame (18)
 K - a wand of paralysis (1)
 O - a wand of iceblast (1)
 Y - a wand of digging (1)
Scrolls
 e - 2 scrolls of vulnerability
 f - 2 scrolls of immolation
 r - 2 scrolls of fog
 B - 4 scrolls of teleportation
 C - 2 scrolls of brand weapon
 D - 3 scrolls of amnesia
 H - a scroll of poison
 P - a scroll of magic mapping {unknown}
 W - a scroll of noise {unknown}
 X - 2 scrolls of silence {unknown}
Potions
 d - 2 potions of magic
 g - a potion of resistance
 m - a potion of cancellation
 n - 3 potions of curing
 p - 3 potions of flight
 t - a potion of lignification {unknown}
 x - a potion of haste
 z - 2 potions of might
 F - a potion of attraction
 G - 2 potions of berserk rage {unknown}
 R - a potion of mutation {unknown}
 S - a potion of degeneration {unknown}
 Z - 3 potions of brilliance {unknown}


   Skills:
 - Level 3.4 Fighting
 + Level 15.2 Ranged Weapons
 - Level 3.0 Armour
 - Level 6.0 Dodging
 - Level 3.0 Stealth
 - Level 4.0 Spellcasting
 - Level 10.0 Hexes
 - Level 4.0 Translocations
 - Level 3.0 Fire Magic
 - Level 5.0 Invocations
 - Level 3.9 Evocations


You had 7 spell levels left.
You knew the following spells:

 Your Spells              Type           Power      Damage    Failure   Level
a - Slow                  Hex            100%       N/A       1%          1
b - Portal Projectile     Hex/Tloc       80%        N/A       3%          3
c - Cause Fear            Hex            26%        N/A       3%          4
d - Inner Flame           Hex/Fire       37%        N/A       4%          3

Your spell library contained the following spells:

 Spells                   Type           Power      Damage    Failure   Level
 Kiss of Death            Conj/Necr      20%        2d7       21%         1
 Shock                    Conj/Air       20%        1d4       21%         1
 Sting                    Tmut/Pois      20%        1d4       21%         1
 Poisonous Vapours        Pois/Air       10%        N/A       30%         2
 Stone Arrow              Conj/Erth      10%        3d7       52%         3
 Swiftness                Air            5%         N/A       52%         3
 Airstrike                Air            2%         2d(1-17)  90%         4
 Olgreb's Toxic Radiance  Pois           5%         N/A       90%         4
 Summon Lightning Spire   Summ/Air       5%         N/A       90%         4
 Lightning Bolt           Conj/Air       2%         1d14      99%         5
 Iron Shot                Conj/Erth      2%         9d2       100%        6
 Shatter                  Erth           2%         3d6*      100%        9


Dungeon Overview and Level Annotations

Branches:
Dungeon (9/15)             Temple (0/1) D:6            Lair (2/5) D:8
    Orc (0/2) D:9         Ossuary (visited)
  Swamp: Lair:2-3    Shoals: Lair:2-3     Snake: Lair:2-3    Spider: Lair:2-3

Altars:
Dithmenos
Fedhas
Nemelex Xobeh
Vehumet
Zin

Shops:
D:1 [   D:3 *

Annotations:
D:5 Sigmund
D:9 exclusion: two-headed ogre
Lair:1 Gastronok
Lair:2 1 runed translucent door, Bediveer's ghost, journeyman KoHu


Message History

You shoot an arrow.
The arrow hits the komodo dragon but does no damage.
The komodo dragon is moderately wounded.
You shoot an arrow.
The arrow hits the komodo dragon but does no damage.
The komodo dragon is moderately wounded.
The komodo dragon closely misses you.
Casting: Portal Projectile (dangerous; 3% risk of failure)
Confirm with . or Enter, or press ? or * to list all spells.
You begin teleporting projectiles to their destination.
The komodo dragon bites you but does no damage.
You magically shoot an arrow.
The arrow hits the komodo dragon!
The arrow freezes the komodo dragon.
The komodo dragon is heavily wounded.
The komodo dragon bites you but does no damage.
You magically shoot an arrow.
The arrow barely misses the komodo dragon.
The komodo dragon bites you!
You magically shoot an arrow.
The arrow hits the komodo dragon!
The arrow freezes the komodo dragon.
The komodo dragon is severely wounded.
You magically shoot an arrow.
The arrow hits the komodo dragon.
The arrow freezes the komodo dragon.
The komodo dragon is almost dead.
The komodo dragon bites you.
You magically shoot an arrow.
The arrow hits the komodo dragon but does no damage.
The komodo dragon is almost dead.
The komodo dragon bites you!
You magically shoot an arrow.
The arrow barely misses the komodo dragon.
The komodo dragon bites you!
Fire: a) +1 shortbow (freeze)
Press: ? - help, Q - select action, (/) - cycle Shift-Dir - straight line, f/p - komodo dragon
Aim: a komodo dragon (almost dead, 81% to hit)
You magically shoot an arrow.
The arrow hits the komodo dragon but does no damage.
The komodo dragon is almost dead.
The komodo dragon bites you!!
You die...

....# #### #######
#...#
##.####..##.###...#
..................#
..................#
..................##
#.####.####.##.....#
### ### #####...##
##l@.# #....#
...........#
..........##
..........#
.###.####.# ## ##


You could see a komodo dragon.

Vanquished Creatures
  A two-headed ogre (D:9)
  2 elephants
  A cane toad (Lair:2)
  2 black mambas (Lair:1)
  Psyche (D:8)
  A komodo dragon (Lair:1)
  A wyvern (D:9)
  2 wraiths (D:9)
  9 yaks
  A vampire mosquito (D:8)
  A steam dragon (Lair:2)
  2 wargs (D:8)
  4 water moccasins
  7 orc warriors
  2 ice beasts
  4 black bears
  A sky beast (D:6)
  3 wolves (Lair:1)
  2 ogres (D:5)
  2 centaurs
  2 phantoms
  2 kobold brigands
  6 bullfrogs
  3 necrophages
  A gnoll sergeant (D:6)
  2 scorpions
  7 wights
  A howler monkey (D:9)
  6 orc priests
  6 hounds
  4 jellies
  Jessica (D:2)
  7 iguanas
  6 orc wizards
  A mummy (Ossuary)
  5 gnolls (D:5)
  11 adders
  A shadow imp (D:6)
  A white imp (D:6)
  3 ufetubi
  3 worms
  3 dart slugs
  23 orcs
  2 spectral bats (Ossuary)
  4 ball pythons
  6 endoplasms
  A giant cockroach (D:1)
  12 gnoll zombies (Ossuary)
  9 goblins
  9 hobgoblins
  3 quokkas
  6 bats
  4 bat simulacra (Ossuary)
  4 frilled lizards
  3 goblin simulacra (Ossuary)
  5 goblin zombies (Ossuary)
  6 hobgoblin zombies (Ossuary)
  11 kobolds
  2 kobold simulacra (Ossuary)
  3 kobold zombies (Ossuary)
  4 orc zombies (Ossuary)
  3 rats
  4 rat simulacra (Ossuary)
  5 spectral goblins (Ossuary)
  6 spectral kobolds (Ossuary)
  A spectral rat (Ossuary)
267 creatures vanquished.

Vanquished Creatures (others)
  5 fungi (Lair:2)
  6 plants (Lair:2)
  A withered plant (Lair:2)
12 creatures vanquished.

Grand Total: 279 creatures vanquished

Notes
Turn   | Place    | Note
-------+----------+-------------------------------------------
     0 | D:1      | ParallaxScroll the Deep Elf Hexslinger began the quest for
                  | the Orb.
     0 | D:1      | Reached XP level 1. HP: 11/11 MP: 5/5
   230 | D:1      | Reached XP level 2. HP: 16/16 MP: 4/6
   283 | D:1      | Found a faded altar of an unknown god.
   292 | D:1      | Reached skill level 5 in Hexes
   312 | D:1      | Prayed at the altar of an unknown god.
   312 | D:1      | Became a worshipper of Zin the Law-Giver
   312 | D:1      | Reached * piety under Zin
   714 | D:1      | Found Efextiub's Antique Armour Shop.
   834 | D:2      | Reached XP level 3. HP: 9/20 MP: 5/7
   959 | D:2      | Reached ** piety under Zin
  1248 | D:2      | Noticed Jessica
  1251 | D:2      | Killed Jessica
  1252 | D:2      | Reached skill level 1 in Invocations
  1252 | D:2      | Reached XP level 4. HP: 24/24 MP: 6/8
  1739 | D:3      | Reached skill level 3 in Ranged Weapons
  2015 | D:3      | Found Arur's General Store.
  2020 | D:3      | Bought a scroll of blinking for 97 gold pieces
  2026 | D:3      | Reached *** piety under Zin
  2229 | D:3      | Bought a scroll of identify for 26 gold pieces
  2536 | D:4      | Reached skill level 4 in Ranged Weapons
  2595 | D:4      | Reached XP level 5. HP: 28/28 MP: 9/9
  2617 | D:4      | Reached skill level 5 in Ranged Weapons
  2893 | D:4      | Reached skill level 6 in Ranged Weapons
  2982 | D:4      | Reached XP level 6. HP: 33/33 MP: 10/10
  3082 | D:4      | Reached skill level 7 in Ranged Weapons
  3092 | D:4      | Identified the +1 ring mail of the Monkey's Uncle {rElec
                  | Str+4 Int+6}
  3131 | D:4      | Found a sand-covered staircase.
  3139 | Ossuary  | Entered an ossuary
  3169 | Ossuary  | Reached **** piety under Zin
  3751 | Ossuary  | Reached ***** piety under Zin
  3773 | Ossuary  | Reached skill level 1 in Armour
  3878 | Ossuary  | Reached skill level 1 in Stealth
  3950 | Ossuary  | Reached skill level 1 in Fighting
  4278 | D:4      | You fall into a shaft and drop 1 floor!
  4278 | D:5      | Entered Level 5 of the Dungeon
  4280 | D:5      | Noticed an ice beast
  4293 | D:5      | Noticed an orc warrior
  4294 | D:5      | Reached skill level 1 in Translocations
  4294 | D:5      | Reached XP level 7. HP: 20/39 MP: 3/11
  4417 | D:5      | Learned a level 3 spell: Portal Projectile
  4543 | D:5      | Reached skill level 1 in Evocations
  4722 | D:5      | Noticed Sigmund
  4760 | D:4      | Reached skill level 8 in Ranged Weapons
  5360 | D:5      | Reached XP level 8. HP: 44/44 MP: 0/14
  5872 | D:1      | Bought a pair of boots for 103 gold pieces
  6101 | D:6      | Learned a level 4 spell: Cause Fear
  6621 | D:3      | Bought a scroll of blinking for 97 gold pieces
  6999 | D:6      | Got Hoqed's Enchiridion on Wicked Magic and the Geologist
  7395 | D:6      | Reached XP level 9. HP: 43/48 MP: 8/17
  7484 | D:6      | Learned a level 3 spell: Inner Flame
  7555 | D:6      | Reached ****** piety under Zin
  7578 | D:6      | Reached skill level 1 in Fire Magic
  7776 | D:6      | Found a staircase to the Ecumenical Temple.
  8229 | D:6      | Reached skill level 9 in Ranged Weapons
  9077 | D:7      | Found a sparkling altar of Nemelex Xobeh.
  9078 | D:7      | Found a blossoming altar of Fedhas.
  9078 | D:7      | Found a radiant altar of Vehumet.
  9078 | D:7      | Found a shadowy altar of Dithmenos.
 10159 | D:8      | Noticed Psyche
 10162 | D:8      | Killed Psyche
 10163 | D:8      | Reached skill level 10 in Ranged Weapons
 10189 | D:8      | Reached skill level 5 in Invocations
 10276 | D:8      | Reached XP level 10. HP: 26/56 MP: 18/18
 10285 | D:8      | Reached skill level 5 in Dodging
 10398 | D:8      | Found a staircase to the Lair.
 10770 | D:8      | Identified the ring of Azeif {rPois rCorr}
 10859 | D:9      | Found a staircase to the Orcish Mines.
 11034 | D:9      | Noticed a two-headed ogre
 11108 | D:9      | Noticed a two-headed ogre
 11118 | D:9      | Killed a two-headed ogre
 11119 | D:9      | Reached skill level 10 in Hexes
 11351 | D:9      | Reached skill level 11 in Ranged Weapons
 11723 | D:9      | Reached skill level 12 in Ranged Weapons
 11727 | D:9      | Noticed a two-headed ogre
 11949 | D:9      | Noticed a cyclops
 12027 | Lair:1   | Entered Level 1 of the Lair of Beasts
 12056 | D:8      | Reached skill level 13 in Ranged Weapons
 12234 | Lair:1   | Noticed a black mamba
 12245 | Lair:1   | Killed a black mamba
 12449 | Lair:1   | Noticed Gastronok
 12526 | Lair:1   | Reached skill level 14 in Ranged Weapons
 12526 | Lair:1   | Reached XP level 11. HP: 41/60 MP: 19/19
 13862 | Lair:2   | Reached skill level 15 in Ranged Weapons
 13957 | Lair:2   | Found a runed translucent door.
 13957 | Lair:2   | Noticed Bediveer's ghost (journeyman KoHu)
 14051 | Lair:2   | Slain by a komodo dragon

Illustrated notes

Levels and vault maps discovered:
D:1:      elethiomel_arrival_shortcut, layout_basic,
          hellmonk_ecumenical_altar_lost_god, serial_shops, shop_fountains
D:2:      layout_rooms, minivault_27, uniq_jessica
D:3:      layout_basic, serial_shops, nicolae_shop_hallway_stairs
D:4:      layout_basic, chequers_ossuary_entry_cave, hangedman_feature_mirror
D:5:      layout_basic, dreamdust_wishing_well, uniq_sigmund
D:6:      minmay_diamond_boxcup, layout_rooms, minmay_temple_entry_crystal_x,
          serial_park_tiny_1, hellmonk_bongcloud_opening
D:7:      layout_layer_cave, chequers_temple_overflow_statue_of_worship
D:8:      layout_basic, erik_lair_orcish_takeover, grunt_ministairs_10,
          uniq_psyche
D:9:      minmay_the_grid_triangle_9x9_recursive_2
          [minmay_the_grid_triangle_9x9_prize_top_heavy,
          minmay_the_grid_triangle_9x9_cache,
          minmay_the_grid_triangle_9x9_pentomino_pain,
          minmay_the_grid_triangle_9x9_sprig], layout_basic, orc_0_dummy,
          st_stairs_8, amcnicky_mini_pool_medium
Lair:1:   layout_regular_city, uniq_gastronok
Lair:2:   layout_long_grid, gammafunk_ghost_grave, minivault_11,
          lemuel_fruit_fields

Skill      XL: |  1  2  3  4  5  6  7  8  9 10 11 |
---------------+----------------------------------+-----
Hexes          | 5 6 8 9 10 | 10.0
Invocations    | 1 3 5 |  5.0
Ranged Weapons | 4 6 7 8 10 14 15 | 15.2
Armour         | 1 3 |  3.0
Stealth        | 1 3 |  3.0
Fighting       | 1 2 3 |  3.4
Translocations | 1 3 4 |  4.0
Spellcasting   | 3 4 |  4.0
Evocations     | 2 3 |  3.9
Dodging        | 3 4 6 |  6.0
Fire Magic     | 3 |  3.0

Action                   |  1- 3 |  4- 6 |  7- 9 | 10-12 || total
-------------------------+-------+-------+-------+-------++-------
 Fire: Sling             |    79 |   283 |   322 |   182 ||   866
       Shortbow          |       |       |       |   119 ||   119
Throw: Dart              |       |       |     6 |       ||     6
 Cast: Slow              |    21 |    51 |    55 |    25 ||   152
       Portal Projectile |       |       |    32 |    10 ||    42
Invok: Vitalisation      |       |     1 |     4 |     7 ||    12
       Recite            |       |       |     6 |     2 ||     8
Evoke: Wand              |       |       |    14 |     1 ||    15
  Use: Scroll            |     2 |     7 |    14 |     3 ||    26
       Potion            |       |       |     5 |     1 ||     6
Armor: Robe              |    14 |    18 |       |       ||    32
       Ring mail         |       |    54 |    98 |    99 ||   251
Dodge: Dodged            |    21 |   100 |   169 |   137 ||   427

Table legend: (Time is in decaauts)
 A = Elapsed time spent in this place.
 B = Non-inter-level travel time spent in this place.
 C = Inter-level travel time spent in this place.
 D = Time resting spent in this place.
 E = Time spent auto-exploring this place.
 F = Levels seen in this place.
 G = Mean time per level.
                   A        B        C        D        E       F      G
               +--------+--------+--------+--------+--------+-----+--------+
         Total |  14485 |  12244 |   2241 |   3716 |   5496 |  12 | 1207.1 |
       Dungeon |  11623 |   9502 |   2121 |   2786 |   4446 |   9 | 1291.4 |
          Lair |   1832 |   1713 |    119 |    569 |    907 |   2 |  916.0 |
       Ossuary |   1029 |   1029 |      0 |    361 |    143 |   1 | 1029.0 |
               +--------+--------+--------+--------+--------+-----+--------+

Top non-repeatable levels by time:
     D:6: 1836 daAuts
     D:5: 1566 daAuts
     D:8: 1499 daAuts
     D:7: 1474 daAuts
     D:4: 1404 daAuts
  Lair:1: 1341 daAuts
     D:1: 1092 daAuts
 Ossuary: 1029 daAuts
     D:9: 1025 daAuts
     D:3: 906 daAuts
     D:2: 819 daAuts
  Lair:2: 490 daAuts
